 Dungeon Crawl Stone Soup version 0.30-a0-857-gcaf70739d4 (webtiles) character file.

Game seed: 11629249329378177866

427 gelatine the Chopper (level 6, -1/47 HPs)
             Began as a Demonspawn Gladiator on Mar 5, 2023.
             Slain by Eustachio
             ... wielding a +0 rapier
              (5 damage)
             ... on level 4 of the Dungeon.
             The game lasted 00:05:49 (3329 turns).

gelatine the Chopper (Demonspawn Gladiator)         Turns: 3329, Time: 00:05:50

Health: -1/47      AC:  6    Str: 16    XL:     6   Next: 65%
Magic:  6/6        EV: 12    Int:  9    God:
Gold:   296        SH:  4    Dex: 15    Spells: 5/5 levels left

rFire   . . .      SeeInvis .    m - +0 broad axe
rCold   . . .      Faith    .    v - +0 buckler
rNeg    . . .      Spirit   .    b - +0 leather armour
rPois   .          Reflect  .    c - +0 helmet
rElec   .          Rampage  .    q - +1 cloak
rCorr   .                        (no gloves)
Will    .....                    (no boots)
Stlth   +                        (no amulet)
HPRegen 0.27/turn                (no ring)
MPRegen 0.10/turn                (no ring)

@: mighty
A: powered by pain 1, demonic touch 2
a: no special abilities


You were on level 4 of the Dungeon.
You visited 1 branch of the dungeon, and saw 4 of its levels.

You collected 296 gold pieces.

Inventory:

Hand Weapons
 m - a +0 broad axe (weapon)
Missiles
 d - 2 throwing nets (quivered)
 e - a javelin
 h - 3 poisoned darts
 w - 5 boomerangs
Armour
 b - a +0 leather armour (worn)
 c - a +0 helmet (worn)
 q - a +1 cloak (worn)
 v - a +0 buckler (worn)
Scrolls
 f - 2 scrolls of fear {unknown}
 i - 2 scrolls of poison {unknown}
 j - a scroll of blinking {unknown}
 k - 3 scrolls of enchant armour {unknown}
 n - 4 scrolls of identify {unknown}
 p - a scroll of amnesia {unknown}
 x - a scroll of enchant weapon {unknown}
Potions
 a - a potion of mutation {unknown}
 g - a potion of might
 l - a potion of haste
 o - a potion of brilliance
 r - a potion of cancellation {unknown}
 s - a potion of attraction {unknown}
 t - a potion of magic {unknown}
 u - 3 potions of flight {unknown}
 z - a potion of resistance {unknown}


   Skills:
 * Level 3.0 Fighting
 * Level 5.1 Axes
 + Level 1.9 Throwing
 * Level 2.2 Armour
 * Level 3.5 Dodging
 + Level 0.7 Stealth
 * Level 1.1 Shields


You had 5 spell levels left.
You didn't know any spells.
Your spell library contained the following spells:

 Spells                   Type           Power      Damage    Failure   Level
 Beastly Appendage        Tmut           0%         N/A       56%         1
 Freeze                   Ice            0%         1d3       56%         1
 Magic Dart               Conj           0%         1d3       56%         1
 Sandblast                Erth           0%         2d4       56%         1
 Passwall                 Tmut/Erth      0%         N/A       71%         2
 Wereblood                Tmut           0%         N/A       71%         2
 Confusing Touch          Hex            0%         N/A       90%         3
 Frozen Ramparts          Ice            0%         1d1       90%         3
 Hailstorm                Conj/Ice       0%         3d3       90%         3
 Inner Flame              Hex/Fire       0%         N/A       90%         3
 Spider Form              Tmut/Pois      0%         N/A       90%         3
 Stone Arrow              Conj/Erth      0%         3d7       90%         3


Dungeon Overview and Level Annotations

Branches:
Dungeon (4/15)
 Temple: D:4-7

Altars:
Fedhas
Gozag
Hepliaklqana
Kikubaaqudgha
Trog
Uskayaw
Vehumet

Annotations:
D:4 Eustachio


Innate Abilities, Weirdness & Mutations

You sometimes gain a little power by taking damage.
Your touch may inflict irresistible damage on your foes.


Message History

The bat is severely wounded.
The bat closely misses you.
The centaur shoots an arrow.
You block the arrow.
The centaur shoots an arrow.
The arrow hits you!
* * * LOW HITPOINT WARNING * * *
The bat misses you.
The centaur unwields a +0 shortbow.
The centaur closely misses you.
The centaur kicks you but does no damage.
You slash the centaur!
The centaur is moderately wounded.
You hit the bat.
You kill the bat!
The bat's corpse disappears in a puff of smoke!
The centaur hits you.
* * * LOW HITPOINT WARNING * * *
The centaur completely misses you.
The centaur hits you but does no damage.
You block the centaur's attack.
You slash the centaur!
The centaur is severely wounded.
The centaur hits you.
* * * LOW HITPOINT WARNING * * *
You block the centaur's attack. The centaur completely misses you.
The centaur barely misses you.
The rat twitches its whiskers.
You block the centaur's attack. The centaur closely misses you.
It was a potion of might.
You feel very mighty all of a sudden. The centaur barely misses you. x2
You slice the centaur!!
You kill the centaur!
You slash Eustachio! Eustachio hits you but does no damage.
Your Fighting skill increases to level 3!
Your Axes skill increases to level 5!
Your Shields skill increases to level 1!
You slash Eustachio!
Eustachio is severely wounded.
You barely miss the rat. Eustachio closely misses you. The rat bites you.
* * * LOW HITPOINT WARNING * * *
Eustachio hits you with a +0 rapier.
You die...

#.......# #. ........#
... ###§......#
#..####[........# #..
............# #.#
##..>......# #.#
#..(.......#
####.###.#W.###..###
#....@r.###.# #@...g
#.##@###.#..# #.# . .
#.####...###.# ..
#....§.......###.#
#######b.###.....#. ###
##......####@..... # #.
##.####.#.#...§c§c..###.
#. #.
#............#####..#
.##. ##)####.#.#.## #..#


You could see Eustachio and a rat (summoned).

Vanquished Creatures
  A centaur (D:4)
  An ogre (D:4)
  A phantom (D:4)
  Jessica (D:2)
  An orc wizard (D:4)
  5 gnolls
  2 adders (D:2)
  A worm (D:4)
  A dart slug (D:2)
  8 orcs
  10 endoplasms
  2 giant cockroaches
  5 goblins
  4 hobgoblins
  2 quokkas
  3 ball pythons
  3 bats
  4 frilled lizards
  8 kobolds
  5 rats
  A spectral hobgoblin (D:2)
69 creatures vanquished.

Notes
Turn   | Place    | Note
-------+----------+-------------------------------------------
     0 | D:1      | gelatine the Demonspawn Gladiator began the quest for the
                  | Orb.
     0 | D:1      | Reached XP level 1. HP: 16/16 MP: 1/1
   278 | D:1      | Reached skill level 3 in Axes
   278 | D:1      | Gained mutation: Your touch may inflict minor irresistible
                  | damage on your foes. [demonic ancestry]
   278 | D:1      | Reached XP level 2. HP: 7/22 MP: 2/2
   841 | D:2      | Reached skill level 1 in Armour
   841 | D:2      | Gained mutation: Your touch may inflict irresistible damage
                  | on your foes. [demonic ancestry]
   841 | D:2      | Reached XP level 3. HP: 27/27 MP: 3/3
   861 | D:2      | Noticed Jessica
   891 | D:2      | Killed Jessica
   966 | D:2      | Got Igru's Parchment of Baleful Percussion
  1138 | D:2      | Reached XP level 4. HP: 34/34 MP: 4/4
  1377 | D:2      | Found a faded altar of an unknown god.
  1809 | D:3      | Found a hazy altar of Hepliaklqana.
  2241 | D:3      | Gained mutation: You sometimes gain a little power by
                  | taking damage. [demonic ancestry]
  2241 | D:3      | Reached XP level 5. HP: 35/39 MP: 5/5
  2814 | D:4      | Found a bloodstained altar of Trog.
  2814 | D:4      | Found a hide-covered altar of Uskayaw.
  2831 | D:4      | Found an ancient bone altar of Kikubaaqudgha.
  2834 | D:4      | Found an opulent altar of Gozag.
  2841 | D:4      | Reached skill level 4 in Axes
  2846 | D:4      | Found a radiant altar of Vehumet.
  2847 | D:4      | Found a blossoming altar of Fedhas.
  2897 | D:4      | Noticed an ogre
  2905 | D:4      | Killed an ogre
  3044 | D:4      | Reached XP level 6. HP: 39/46 MP: 6/6
  3298 | D:4      | Noticed Eustachio
  3329 | D:4      | Reached skill level 5 in Axes
  3329 | D:4      | Reached skill level 1 in Shields
  3329 | D:4      | Slain by Eustachio

Illustrated notes

Levels and vault maps discovered:
D:1:      dpeg_arrival_houses_and_road, layout_basic
D:2:      layout_loops_corners, dreamdust_ecumenical_altar_drowned_temple,
          kennysheep_cluttered_room, uniq_jessica
D:3:      layout_loops_corners, amcnicky_altar_gilded, hex_tiny
D:4:      layout_loops_ring, nicolae_overflow_hallway_of_the_gods,
          chequers_serial_rivers_large_b, uniq_eustachio

Skill      XL: |  1  2  3  4  5  6 |
---------------+-------------------+-----
Axes           | 3 4 5 |  5.1
Dodging        | 3 |  3.5
Armour         | 1 2 |  2.2
Fighting       | 3 |  3.0
Shields        | 1 |  1.1
Throwing       | |  1.9
Stealth        | |  0.7

Action                     |  1- 3 |  4- 6 || total
---------------------------+-------+-------++-------
  Melee: War axe           |    53 |    51 ||   104
         Touch             |     2 |     2 ||     4
         Broad axe         |       |    77 ||    77
  Throw: Throwing net      |     3 |       ||     3
         Javelin           |     1 |       ||     1
    Use: Potion            |       |     2 ||     2
   Stab: Sleeping          |     3 |     1 ||     4
 Armour: Leather armour    |    16 |    55 ||    71
  Dodge: Dodged            |    31 |   102 ||   133
  Block: Buckler           |       |    23 ||    23

Table legend: (Time is in decaauts)
 A = Elapsed time spent in this place.
 B = Non-inter-level travel time spent in this place.
 C = Inter-level travel time spent in this place.
 D = Time resting spent in this place.
 E = Time spent auto-exploring this place.
 F = Levels seen in this place.
 G = Mean time per level.
                   A        B        C        D        E       F      G
               +--------+--------+--------+--------+--------+-----+--------+
         Total |   3411 |   3397 |     14 |      0 |   2694 |   4 |  852.8 |
       Dungeon |   3411 |   3397 |     14 |      0 |   2694 |   4 |  852.8 |
               +--------+--------+--------+--------+--------+-----+--------+

Top non-repeatable levels by time:
     D:2: 1026 daAuts
     D:3: 984 daAuts
     D:1: 814 daAuts
     D:4: 586 daAuts
